cohdb
Replays
Latest Replays
All Replays
Popular Replays
Top Player Replays
Match Explorer
How It Works
Community
CoH3 Stats
Reddit
Sign in to upload your games and track your stats! →
Sign in with Steam
Match 43643088
Unlisted
Match 43643088
Overview
Messages
Build Orders
End
Vickers Machine Gun Team
Construct Section Command Post
Selects Canadian Shock Battlegroup
Selects Canadian Shock Battlegroup
Dingo Light Scout Car
Dingo Light Scout Car
Selects Attacking Spirit
Selects Canadian Shock Section
Canadian Shock Section
Royal Engineer Section
Construct Platoon Command Post
Felisia_P
Ceruman
FriendlyBacon
huhrmit
anioki
1234567890
东风夜放花千树
matthias-sto
0
0
Comments
sign in to comment!
No comments posted yet!